 Dungeon Crawl Stone Soup version 0.14.1-1-g650416f (webtiles) character file.

141126 Indrah22 the Unseen (level 17, -2/104 HPs)
             Began as a Kobold Hunter on Apr 29, 2014.
             Was a Priest of Elyvilon.
             Slain by a demonic crawler (5 damage)
             ... on Level 1 of the Spider Nest on May 3, 2014.
             The game lasted 06:49:35 (47522 turns).

Indrah22 the Unseen (Kobold Hunter)                Turns: 47522, Time: 06:49:36

HP  -2/104       AC 20     Str 17      XL: 17   Next: 89%
MP  30/30        EV  9     Int 13      God: Elyvilon [***...]
Gold 1297        SH  0     Dex 16      Spells:  0 memorised, 16 levels left

rFire  + + +     SeeInvis +     e - +2,+4 scimitar (flame)
rCold  + . .     Clarity  +     h - +0 chain mail of Stretiw {+Blink rF+ Str+1 Int+3 SInv}
rNeg   . . .     Conserve .     (no shield)
rPois  .         rCorr    .     o - +0 helmet
rElec  .         rRot     .     Z - +1 cloak
SustAb . .       Spirit   .     H - +2 pair of gloves
rMut   .         Warding  .     R - +1 pair of boots
Saprov + + .     Stasis   .     y - amulet of faith
MR     +....                    n - ring "Mepaepp" {+Inv Int+2 Acc-1 Dam+4 Stlth}
                                T - ring "Afamuimp" {rF++ rC+ Int-3}

@: lethally poisoned, somewhat resistant to hostile enchantments, very stealthy
A: disease resistance, talons 1, carnivore 3, clarity, saprovore 2
a: Lesser Healing, Lesser Self-Healing, Divine Protection, Purification, Greater
Healing, Greater Self-Healing, Renounce Religion, Evoke Blink, Evoke
Invisibility


You were on level 1 of the Spider Nest.
You worshipped Elyvilon.
Elyvilon was most pleased with you.
You were not hungry.

You visited 6 branches of the dungeon, and saw 34 of its levels.
You also visited: Labyrinth, Sewer and Volcano.

You collected 2996 gold pieces.
You spent 1699 gold pieces at shops.

Inventory:

Hand weapons
 a - a +2,+1 dagger of protection
 e - a +2,+4 scimitar of flaming (weapon)
 q - a +1,+3 long sword of electrocution
 w - a +1,+4 crossbow
Missiles
 v - 15 bolts
 F - 6 silver bolts
 O - a throwing net (quivered)
 W - a bolt of flame
Armour
 h - the +0 chain mail of Stretiw (worn) {+Blink rF+ Str+1 Int+3 SInv}
   (You found it in a labyrinth)

   It affects your strength (+1).
   It affects your intelligence (+3).
   It protects you from fire.
   It enhances your eyesight.
   It lets you blink.
 o - a +0 helmet (worn)
 H - a +2 pair of gloves (worn)
 R - a +1 pair of boots (worn)
 Z - a +1 cloak (worn)
Magical devices
 j - a wand of teleportation (4)
 z - a wand of disintegration (18)
 M - a wand of cold (7)
 P - a wand of polymorph (6)
 Y - a wand of heal wounds (1)
Comestibles
 f - 3 meat rations
Scrolls
 c - 3 scrolls of fear
 d - 2 scrolls of recharging
 m - 2 scrolls of magic mapping
 x - 2 scrolls of holy word
 I - 6 scrolls of fog
 K - 4 scrolls of immolation
 N - 3 scrolls of blinking
Jewellery
 n - the ring "Mepaepp" (right hand) {+Inv Int+2 Acc-1 Dam+4 Stlth}
   (You bought it in a shop on level 4 of the Orcish Mines)

   [ring of invisibility]

   It affects your intelligence (+2).
   It affects your accuracy with ranged weapons and melee attacks (-1).
   It affects your damage with ranged weapons and melee attacks (+4).
   It makes you more stealthy.
 y - an amulet of faith (around neck)
 T - the ring "Afamuimp" (left hand) {rF++ rC+ Int-3}
   (You found it in a labyrinth)

   [ring of intelligence]

   It affects your intelligence (-3).
   It greatly protects you from fire.
   It protects you from cold.
 X - an uncursed ring of teleportation
Potions
 b - 5 potions of curing
 g - 2 potions of flight
 i - 2 potions of magic
 k - 2 potions of restore abilities
 p - 3 potions of haste
 r - 2 potions of heal wounds
 A - 2 potions of might
Magical staves
 u - an uncursed staff of air {unknown}
Miscellaneous
 l - a lamp of fire (inert)
 t - a stone of tremors (inert)
 B - a phial of floods (inert)
 G - a sack of spiders {used: 10}


   Skills:
 + Level 11.4 Fighting
 - Level 10.2 Short Blades
 + Level 12.5 Long Blades
 - Level 11.5 Crossbows
 + Level 9.0 Armour
 - Level 10.0 Dodging
 - Level 16.7 Stealth
 - Level 10.9 Invocations
 - Level 11.0 Evocations


You had 16 spell levels left.
You didn't know any spells.

Dungeon Overview and Level Annotations

Branches:
Dungeon (15/15)            Temple (1/1) D:5             Orc (4/4) D:12
    Elf (0/3) Orc:4          Lair (8/8) D:8           Swamp (5/5) Lair:5
 Spider (1/5) Lair:4        Slime (0/6) Lair:7       Vaults (0/5) D:13
 Depths (0/5) D:15

Altars:
Ashenzari
Cheibriados
Dithmenos
Elyvilon
Fedhas
Kikubaaqudgha
Makhleb
Nemelex Xobeh
Okawaru
Sif Muna
Trog
Vehumet
Xom
Yredelemnul
Zin
The Shining One
Jiyva
Lugonu

Shops:
D:7 %   D:8 %   Orc:4 =[*(

Annotations:
D:6 exclusion: oklob plant


Innate Abilities, Weirdness & Mutations

You recuperate from illness quickly.
You are small and have problems with some larger weapons.
You are carnivorous and can eat meat at any time.
You can eat rotten meat.
You have sharp toenails.
You possess an exceptional clarity of mind.


Message History

The spider bites your trapdoor spider.
Your trapdoor spider dies!
You feel guilty.
Your trapdoor spider's corpse disappears in a puff of smoke!
Your trapdoor spider bites the spider!
Your trapdoor spider's attack snaps the spider out of its fear.
The orb spider spins a strand of pure energy.
The demonic crawler closely misses you. The demonic crawler barely misses you.
The demonic crawler hits you but does no damage.
The spider bites your earth elemental.
You slash the demonic crawler!
The demonic crawler is severely wounded.
You feel sick.
Your earth elemental tears the web.
The orb of destruction hits you!
* * * LOW HITPOINT WARNING * * *
The spider barely misses you. x2
The spider bites your earth elemental but does no damage. x2
The demonic crawler hits you.
You die...

### ....s.s..
.....§s... .
#.s..§.....
...#...§.......
.......§^......
...^^..§.......
....^^^.§%%^^....
#....^E@ss.....#
.....^^.ss.^.....
......#Esss#...
........s^... .
..... .........
............. .#
........ ##.#.##.
# .


You could see a demonic crawler, a wolf spider, an orb spider (fleeing), 8
spiders, 2 friendly earth elementals and a friendly trapdoor spider.

Vanquished Creatures
  Frances (Swamp:4)
  Wiglaf (Swamp:4)
  An orc warlord (Orc:4)
  The ghost of Protee the Markscentaur, a powerful CeHu of Okawaru (Lair:1)
  3 vault guards (D:13)
  A minotaur (Lab)
  Josephine (D:14)
  Fannar (D:13)
  Harold (Lair:7)
  10 hydras
  Nessos (D:15)
  2 shambling mangroves
  Erica (Lair:5)
  An alligator (Swamp:2)
  2 orc high priests (Orc:4)
  2 death yaks
  Urug (Orc:3)
  A centaur warrior (D:14)
  Nergalle (Lair:6)
  A spriggan druid (Swamp:3)
  4 skeletal warriors (D:15)
  3 wizards (D:13)
  6 hill giants
  A guardian serpent (Lair:8)
  Pikel (D:6)
  2 orc knights
  An unseen horror (D:13)
  2 orc sorcerers
  A wolf spider (Lair:8)
  A deep elf conjurer (D:15)
  A necromancer (D:15)
  A lindwurm (Volcano)
  3 red wasps
  A griffon (Lair:5)
  A sphinx skeleton (D:15)
  3 elephants
  2 naga magi (D:15)
  3 cyclopes
  3 molten gargoyles
  12 spiny frogs
  2 gargoyles (Volcano)
  A kobold demonologist (D:13)
  2 vapours (Swamp:1)
  2 fire drakes
  7 komodo dragons
  A hydra zombie (D:14)
  An efreet (D:14)
  Grinder (D:6)
  A giant firefly (Swamp:1)
  2 wandering mushrooms (Lab)
  4 giant leeches
  Sonja (Orc:3)
  2 centaur skeletons
  5 trolls
  A harpy skeleton (D:15)
  A baby alligator (Swamp:2)
  2 two-headed ogres
  2 hydra skeletons
  3 ravens (Swamp:2)
  4 bog bodies
  4 slime creatures (Swamp:4)
  4 deep elf magi
  A tarantella (Spider:1)
  4 basilisks
  A boulder beetle (Lair:4)
  A spriggan (Swamp:1)
  5 shadows
  4 thorn lotuses
  6 hippogriffs
  A wraith (D:10)
  5 wyverns
  12 humans
  2 elephant slugs
  29 yaks
  20 vampire mosquitoes
  16 ugly things
  19 swamp worms
  2 hungry ghosts
  A wolf (D:8)
  A steam dragon (D:10)
  A mottled dragon (Lair:8)
  2 soldier ants
  8 water moccasins
  2 porcupines
  A necrophage (D:11)
  4 sky beasts
  3 swamp drakes
  17 orc warriors
  A fire dragon simulacrum (D:14)
  4 ice beasts
  A manticore zombie (D:15)
  2 yellow wasps
  6 spiders
  A black bear (D:8)
  6 ogres
  11 crocodiles
  6 centaurs
  Sigmund (D:4)
  Duvessa (D:4)
  5 big kobolds
  2 boring beetles
  2 lava worms (Lair:3)
  Blork the orc (D:4)
  11 giant slugs
  2 cyclops zombies
  21 insubstantial wisps
  A gnoll sergeant (D:11)
  11 giant frogs
  A water moccasin skeleton (D:6)
  2 cyclops skeletons
  12 wights
  A tengu zombie (D:15)
  5 scorpions
  8 killer bees
  2 hippogriff skeletons
  3 goliath beetles
  11 crimson imps
  Dowan (D:4)
  8 hounds
  A big fish (Swamp:3)
  A boring beetle zombie (D:14)
  2 elf zombies
  22 orc priests
  3 jellies
  A basilisk skeleton (D:14)
  An elf skeleton (D:15)
  6 iguanas
  14 orc wizards
  Natasha (thrice) (D:4)
  A shapeshifter simulacrum (D:15)
  16 worker ants
  An ogre zombie (D:7)
  Ijyb (D:7)
  A mottled dragon skeleton (D:15)
  Terence (D:3)
  A worker ant zombie (D:5)
  16 gnolls
  11 green rats
  23 adders
  An orc skeleton (Orc:4)
  6 giant mites
  2 orc zombies (D:10)
  2 inept feature mimics
  2 white imps (Lair:6)
  A shadow imp (D:9)
  10 worms
  An ufetubus (Swamp:4)
  An adder zombie (D:7)
  An adder skeleton (D:5)
  3 giant eyeballs
  4 giant geckos
  8 oozes
  109 orcs
  3 ball pythons
  10 bats
  2 giant cockroaches
  12 hobgoblins
  7 jackals
  12 kobolds
  A giant newt (D:3)
  A giant spore (D:14)
  15 goblins
  A goblin skeleton (D:4)
  8 quokkas
  A quokka zombie (D:8)
  14 rats
  A rat skeleton (D:7)
  3 ballistomycetes (D:14)
  5 fungi
830 creatures vanquished.

Vanquished Creatures (collateral kills)
  Rupert (D:14)
  Donald (Orc:4)
  2 orc high priests (Orc:4)
  3 orc knights
  A wolf spider (Lair:8)
  A red wasp (Lair:8)
  A troll (Orc:4)
  A boulder beetle (Spider:1)
  A bog body (Swamp:4)
  A spriggan (Swamp:4)
  A tarantella (Spider:1)
  A chaos spawn (Swamp:4)
  A swamp worm (Swamp:4)
  3 orc warriors (Orc:4)
  A spider (Spider:1)
  A centaur (D:15)
  A goliath beetle (Spider:1)
  An orc wizard (D:15)
23 creatures vanquished.

Vanquished Creatures (others)
  A centaur warrior (D:15)
  3 death yaks
  The ghost of Stendarr the Cloud Mage, an experienced HEAE of Okawaru (D:8)
  2 ball lightnings (Swamp:1)
  A griffon (Lair:8)
  An orc sorcerer (Orc:4)
  2 black mambas
  3 elephants (Lair:8)
  2 water elementals (Swamp:4)
  4 spiny frogs
  A giant firefly (Swamp:4)
  A fire elemental (Swamp:4)
  3 yaks
  3 blink frogs
  7 redbacks
  11 trapdoor spiders
  A wyvern (Lair:8)
  4 humans (D:13)
  2 wargs
  A swamp worm (Swamp:3)
  2 mottled dragons
  3 water moccasins
  3 orc warriors
  6 spiders
  A sky beast (D:8)
  A porcupine (Lair:4)
  2 crocodiles
  A big kobold (D:8)
  An insubstantial wisp (Swamp:4)
  An electric eel (Lair:4)
  3 iguanas
  4 orc priests
  7 orc wizards
  4 sheep
  3 adders (Lair:8)
  18 green rats
  A white imp (Lair:6)
  A giant gecko (D:6)
  31 orcs
  A bat (D:8)
  A hobgoblin (D:8)
  2 jackals (Lair:5)
  A quokka (D:12)
  2 kobolds
  A rat (Lair:2)
  4 fungi
  8 plants (Lair:8)
167 creatures vanquished.

Grand Total: 1020 creatures vanquished

Notes
Turn   | Place    | Note
--------------------------------------------------------------
     0 | D:1      | Indrah22, the Kobold Hunter, began the quest for the Orb.
     0 | D:1      | Reached XP level 1. HP: 12/12 MP: 1/1
    64 | D:1      | Reached XP level 2. HP: 6/16 MP: 2/2
   322 | D:1      | Reached skill level 1 in Short Blades
   380 | D:1      | Reached skill level 5 in Crossbows
   779 | D:1      | Reached XP level 3. HP: 16/20 MP: 3/3
  1528 | D:2      | Found a white marble altar of Elyvilon.
  1534 | D:2      | Became a worshipper of Elyvilon the Healer
  1571 | D:2      | Reached XP level 4. HP: 9/26 MP: 4/4
  2581 | D:3      | Found a sparkling altar of Nemelex Xobeh.
  2595 | D:3      | Noticed Terence
  2602 | D:3      | Killed Terence
  2784 | D:3      | Found a shadowy altar of Dithmenos.
  2896 | D:3      | Acquired Elyvilon's first power
  2971 | D:3      | Reached skill level 1 in Invocations
  2971 | D:3      | Reached XP level 5. HP: 30/30 MP: 5/5
  3542 | D:4      | Found a glowing drain.
  3557 | D:4      | Reached XP level 6. HP: 33/35 MP: 7/7
  3588 | Sewer    | Entered a sewer
  3698 | Sewer    | Reached skill level 5 in Stealth
  3706 | Sewer    | Reached XP level 7. HP: 37/40 MP: 9/9
  3833 | Sewer    | Reached skill level 6 in Crossbows
  3833 | Sewer    | Reached skill level 1 in Evocations
  4034 | D:4      | Noticed Sigmund
  4115 | D:4      | Noticed Natasha
  4123 | D:4      | Killed Natasha
  4365 | D:4      | Noticed Blork the orc
  4368 | D:4      | Killed Blork the orc
  4370 | D:4      | Noticed Natasha
  4374 | D:4      | Killed Natasha
  4637 | D:4      | Noticed Dowan
  4639 | D:4      | Noticed Duvessa
  4640 | D:4      | Killed Dowan
  4640 | D:4      | Reached XP level 8. HP: 45/45 MP: 11/11
  4661 | D:4      | Killed Sigmund
  4716 | D:4      | Noticed Natasha
  4717 | D:4      | Killed Natasha
  5075 | D:4      | Killed Duvessa
  5075 | D:4      | Reached skill level 7 in Stealth
  5150 | D:5      | Entered Level 5 of the Dungeon
  5158 | D:5      | Found a blossoming altar of Fedhas.
  5188 | D:5      | Reached skill level 5 in Short Blades
  5908 | D:5      | Found a deep blue altar of Sif Muna.
  6367 | D:5      | Found a staircase to the Ecumenical Temple.
  6418 | Temple   | Entered the Ecumenical Temple
  6653 | D:5      | Reached XP level 9. HP: 46/52 MP: 14/14
  6847 | D:6      | Noticed Pikel
  6848 | D:6      | Reached skill level 8 in Stealth
  7032 | D:6      | Killed Pikel
  7032 | D:6      | Reached skill level 5 in Dodging
  7143 | D:6      | Noticed Grinder
  7159 | D:6      | Killed Grinder
  7159 | D:6      | Reached skill level 9 in Stealth
  7367 | D:6      | Found a blossoming altar of Fedhas.
  7368 | D:6      | Noticed an oklob plant
  7871 | D:7      | Reached XP level 10. HP: 27/58 MP: 17/17
  8493 | D:7      | Noticed Ijyb
  8496 | D:7      | Killed Ijyb
  8677 | D:7      | Found Secatia's Food Shop.
  8703 | D:7      | Found a shimmering altar of Xom.
  8795 | D:7      | Reached skill level 10 in Stealth
  8804 | D:7      | Reached skill level 5 in Fighting
  9170 | D:8      | Reached skill level 5 in Evocations
  9306 | D:8      | Found a glowing golden altar of the Shining One.
  9333 | D:8      | Noticed Stendarr's ghost (experienced HEAE)
  9344 | D:8      | Killed Stendarr's ghost
  9344 | D:8      | Reached skill level 5 in Invocations
  9574 | D:8      | Found a glowing silver altar of Zin.
  9974 | D:8      | Acquired Elyvilon's second power
  9983 | D:8      | Found an ancient bone altar of Kikubaaqudgha.
  9998 | D:8      | HP: 2/59 [ogre (9)]
 10313 | D:8      | Found a basalt altar of Yredelemnul.
 10391 | D:8      | Found Keph's Food Emporium.
 10978 | D:8      | Noticed an elephant
 10978 | D:8      | a komodo dragon changed into an elephant
 11349 | D:9      | Found a shattered altar of Ashenzari.
 11459 | D:9      | Reached skill level 11 in Stealth
 11780 | D:8      | Killed an elephant
 11780 | D:8      | Reached skill level 1 in Long Blades
 12084 | D:8      | Reached XP level 11. HP: 64/64 MP: 20/20
 12258 | D:8      | Found a staircase to the Lair.
 12370 | Lair:1   | Entered Level 1 of the Lair of Beasts
 12964 | Lair:2   | Elyvilon protects you from harm!
 13150 | Lair:2   | Found a labyrinth entrance.
 13159 | Lab      | Entered a labyrinth
 14069 | Lab      | Reached skill level 12 in Stealth
 14415 | Lab      | Noticed a minotaur
 14421 | Lab      | Killed a minotaur
 14424 | Lab      | Got a transparent glass ring
 14458 | Lab      | Identified the ring "Afamuimp" {rF++ rC+ Int-3} (You found it in a labyrinth)
 14480 | Lab      | Got a pitted chain mail
 14875 | Lair:2   | Noticed a six-headed hydra
 14962 | Lair:1   | Noticed Protee's ghost (powerful CeHu)
 15415 | Lair:2   | Reached skill level 10 in Short Blades
 16052 | Lair:3   | Reached XP level 12. HP: 41/71 MP: 22/22
 16512 | Lair:3   | Reached skill level 5 in Long Blades
 16771 | Lair:4   | Found a hole to the Spider Nest.
 16781 | Lair:4   | Found a dark tunnel.
 16786 | Volcano  | Entered a volcano
 16908 | Volcano  | HP: 2/72 [molten gargoyle/bolt of magma (21)]
 16913 | Volcano  | HP: 3/72 [molten gargoyle/glowing mace (2)]
 16913 | Volcano  | HP: 1/72 [molten gargoyle/glowing mace (2)]
 16920 | Lair:4   | Elyvilon protects you from harm!
 16938 | Lair:4   | Elyvilon protects you from harm!
 16949 | Lair:5   | Acquired Elyvilon's third power
 17078 | Lair:5   | Reached skill level 13 in Stealth
 17087 | Lair:5   | Noticed a seven-headed hydra
 17539 | Lair:5   | Noticed a four-headed hydra
 17545 | Lair:5   | Killed a four-headed hydra
 17683 | Lair:5   | Noticed Erica
 17804 | Lair:5   | Found a staircase to the Swamp.
 17818 | Lair:5   | Noticed an eight-headed hydra
 17906 | Lair:4   | Noticed a five-headed hydra
 17913 | Lair:4   | Pacified a five-headed hydra
 18373 | Lair:4   | Reached XP level 13. HP: 61/78 MP: 25/25
 18847 | Lair:4   | Acquired Elyvilon's fourth power
 18908 | Lair:4   | HP: 3/78 [boulder beetle (37)]
 18926 | Lair:4   | Reached skill level 10 in Crossbows
 19567 | Lair:6   | Noticed Nergalle
 19578 | Lair:6   | Killed Nergalle
 20691 | Lair:7   | Found a staircase to the Slime Pits.
 20691 | Lair:7   | Found a viscous altar of Jiyva.
 20766 | Lair:7   | Noticed Harold
 20782 | Lair:7   | Killed Harold
 21511 | Lair:8   | Entered Level 8 of the Lair of Beasts
 21773 | Lair:8   | Noticed a fire dragon
 21788 | Lair:8   | Pacified a fire dragon
 22249 | Lair:8   | Reached skill level 14 in Stealth
 22255 | Lair:8   | Reached XP level 14. HP: 86/86 MP: 15/27
 22357 | Lair:8   | Reached skill level 10 in Long Blades
 22641 | Lair:8   | Reached skill level 10 in Invocations
 24001 | Lair:2   | Killed a six-headed hydra
 24286 | Lair:2   | Upgraded the game from 0.14.1 to 0.14.1-1-g650416f
 24444 | Lair:5   | Pacified a seven-headed hydra
 24599 | Lair:5   | Killed an eight-headed hydra
 24669 | Lair:5   | Killed Erica
 24693 | Lair:5   | Noticed a five-headed hydra
 24728 | Lair:5   | Killed a hydra
 24901 | Lair:1   | Killed Protee's ghost
 24901 | Lair:1   | Reached skill level 10 in Dodging
 25019 | Lair:1   | Got a jade-studded leather armour
 25029 | Lair:1   | Identified the +3 leather armour of a Hundred Wishes {rC+} (You found it on level 1 of the Lair of Beasts)
 25607 | D:10     | Entered Level 10 of the Dungeon
 25811 | D:10     | Got a fine sling
 25813 | D:10     | Identified the cursed +1,-1 sling of Clie {frost, rN+ SInv} (You found it on level 10 of the Dungeon)
 26991 | Lair:2   | Identified the +0 chain mail of Stretiw {+Blink rF+ Str+1 Int+3 SInv} (You found it in a labyrinth)
 27691 | D:11     | Reached skill level 1 in Armour
 28486 | D:12     | Found a staircase to the Orcish Mines.
 28689 | D:12     | Reached XP level 15. HP: 71/92 MP: 29/29
 28742 | D:12     | Reached skill level 15 in Stealth
 29334 | D:13     | Noticed Fannar
 29368 | D:13     | Killed Fannar
 30295 | D:13     | Found a gate to the Vaults.
 30339 | D:13     | Reached skill level 5 in Armour
 30710 | Orc:1    | Entered Level 1 of the Orcish Mines
 31531 | Orc:3    | Noticed Urug
 31570 | Orc:3    | Killed Urug
 32025 | Orc:3    | Noticed Sonja
 32031 | Orc:3    | Killed Sonja
 32336 | Orc:2    | Found a bloodstained altar of Trog.
 32479 | Orc:4    | Entered Level 4 of the Orcish Mines
 32505 | Orc:4    | Found a staircase to the Elven Halls.
 32527 | Orc:4    | Paralysed by an orc sorcerer for 7 turns
 32541 | Orc:4    | Noticed Donald
 32561 | Orc:4    | Found Gucvin's General Store.
 32562 | Orc:4    | Noticed an orc warlord
 32667 | Orc:4    | Found Besmeh's Antique Armour Emporium.
 32870 | Orc:4    | Killed Donald
 32887 | Orc:4    | Reached skill level 16 in Stealth
 32898 | Orc:4    | Found Osafuang's Antique Weapon Shoppe.
 32942 | Orc:4    | Killed an orc warlord
 32942 | Orc:4    | Reached skill level 10 in Evocations
 33145 | Orc:4    | Bought a potion of experience for 700 gold pieces
 33146 | Orc:4    | Reached XP level 16. HP: 97/97 MP: 30/30
 33147 | Orc:4    | Bought the ring "Mepaepp" {+Inv Int+2 Acc-1 Dam+4 Stlth} for 782 gold pieces
 33243 | Orc:4    | Found Ariluobat's Jewellery Boutique.
 33569 | Orc:4    | Bought a topaz-encrusted leather armour for 217 gold pieces
 34413 | D:14     | Noticed Rupert
 35039 | D:14     | Killed Rupert
 35057 | D:14     | Noticed Josephine
 35067 | D:14     | Killed Josephine
 35653 | D:15     | Entered Level 15 of the Dungeon
 35891 | D:15     | Reached XP level 17. HP: 101/101 MP: 30/30
 36692 | D:15     | Noticed Nessos
 36696 | D:15     | Killed Nessos
 37487 | D:15     | Found a staircase to the Depths.
 37496 | D:15     | Reached skill level 10 in Fighting
 38279 | Swamp:1  | Entered Level 1 of the Swamp
 39474 | Swamp:1  | Found a snail-covered altar of Cheibriados.
 44268 | Lair:2   | Gained mutation: You have sharp toenails. [potion of beneficial mutation]
 44269 | Lair:2   | Gained mutation: You possess an exceptional clarity of mind. [potion of beneficial mutation]
 44469 | Swamp:4  | Noticed Wiglaf
 44514 | Swamp:4  | Killed Wiglaf
 44934 | Swamp:4  | Noticed Frances
 44962 | Swamp:4  | Killed Frances
 47333 | Swamp:5  | Entered Level 5 of the Swamp
 47502 | Spider:1 | Entered Level 1 of the Spider Nest
 47522 | Spider:1 | HP: 3/104 [disintegration (47)]
 47522 | Spider:1 | Slain by a demonic crawler

Action                   |  1- 3 |  4- 6 |  7- 9 | 10-12 | 13-15 | 16-18 || total
-------------------------+-------+-------+-------+-------+-------+-------++-------
Melee: Short sword       |    69 |    66 |    33 |       |       |       ||   168
       Dagger            |       |       |   210 |   349 |    84 |    13 ||   656
       Cutlass           |       |       |       |    81 |       |       ||    81
       Long sword        |       |       |       |   144 |   338 |    26 ||   508
       Scimitar          |       |       |       |       |   731 |   736 ||  1467
 Fire: Crossbow          |    30 |    83 |   174 |   245 |   303 |   158 ||   993
       Sling             |       |       |       |       |     5 |       ||     5
Throw: Dart              |     3 |     7 |     6 |     8 |     1 |       ||    25
       Throwing net      |       |       |       |       |     5 |     6 ||    11
Invok: Lesser Healing    |       |     8 |    29 |   168 |   269 |    88 ||   562
       Purification      |       |       |       |     4 |     3 |     2 ||     9
       Divine Protection |       |       |       |     4 |       |       ||     4
       Greater Healing   |       |       |       |     9 |    49 |     4 ||    62
       Greater Self-Heal |       |       |       |     2 |     5 |    19 ||    26
       Lesser Self-Heali |       |       |       |       |     2 |       ||     2
 Abil: Evoke Blink       |       |       |       |       |     1 |       ||     1
Evoke: Wand              |       |    10 |    10 |    51 |    12 |     3 ||    86
       Sack of spiders   |       |       |       |       |     4 |    10 ||    14
       Lamp of fire      |       |       |       |       |       |     2 ||     2
       Stone of tremors  |       |       |       |       |       |     2 ||     2
       Phial of floods   |       |       |       |       |       |     1 ||     1
  Use: Scroll            |     1 |     4 |     9 |    17 |    23 |    12 ||    66
       Potion            |     1 |       |     2 |    13 |     7 |    12 ||    35
 Stab: Sleeping          |     1 |       |     2 |    28 |    51 |    13 ||    95
       Distracted        |       |       |       |     1 |     5 |     2 ||     8
       Invisible         |       |       |       |     8 |       |       ||     8
       Held in net/web   |       |       |       |       |     1 |     1 ||     2
